 Dungeon Crawl Stone Soup version 0.21.1-1-g345015f (webtiles) character file.

6709 Fang the Cleaver (level 11, -4/69 HPs)
             Began as a Gargoyle Berserker on May 25, 2018.
             Was a High Priest of Trog.
             Slain by a slime creature (6 damage)
             ... on level 9 of the Dungeon.
             The game lasted 00:12:40 (7736 turns).

Fang the Cleaver (Gargoyle Berserker)               Turns: 7736, Time: 00:12:42

Health: -4/69      AC: 18    Str: 28    XL:     11   Next: 3%
Magic:  11/11      EV: 14    Int: 11    God:    Trog [*****.]
Gold:   622        SH:  0    Dex:  9    Spells: 10/10 levels left

rFire    . . .     SeeInvis .   i - +4 hand axe (chop)
rCold    . . .     Gourm    .   (no shield)
rNeg     + + .     Faith    .   A - +0 leather armour "Sitopnac" {rN+ Int+4}
rPois    ∞         Spirit   .   (no helmet)
rElec    +         Reflect  .   (no cloak)
rCorr    .         Harm     .   o - +2 pair of gloves
MR       .....                  h - +2 pair of boots
Stlth    ++........             (no amulet)
HPRegen  0.21/turn              m - ring of flight
MPRegen  0.12/turn              g - +3 ring of strength

@: no status effects
A: negative energy resistance 1, electricity resistance, unbreathing,
petrification resistance, rot immunity, AC +8
a: Berserk, Trog's Hand, Brothers in Arms, Burn Spellbooks, Renounce Religion,
Evoke Flight


You were on level 9 of the Dungeon.
You worshipped Trog.
Trog was extremely pleased with you.
You were near starving.

You visited 2 branches of the dungeon, and saw 10 of its levels.

You collected 622 gold pieces.

Inventory:

Hand Weapons
 b - a +1 executioner's axe of venom
 i - a +4 hand axe of chopping (weapon)
 x - a +2 battleaxe
Missiles
 w - 5 silver javelins (quivered)
Armour
 h - a +2 pair of boots (worn)
 o - a +2 pair of gloves (worn)
 A - the +0 leather armour "Sitopnac" (worn) {rN+ Int+4}
   (You found it on level 8 of the Dungeon)

   It affects your intelligence (+4).
   It protects you from negative energy.
Jewellery
 g - a +3 ring of strength (right hand)
 m - a ring of flight (left hand)
Wands
 e - a wand of polymorph (15)
 k - a wand of random effects (31)
 r - a wand of flame (65)
Scrolls
 a - 4 scrolls of teleportation
 p - 2 scrolls of blinking
 z - a scroll of identify
Potions
 d - 2 potions of resistance
 f - a potion of heal wounds
 j - 4 potions of curing
 l - a potion of might {unknown}
 n - 3 potions of agility
 s - 2 potions of haste {unknown}
 t - 5 potions of flight {unknown}
 u - a potion of lignification {unknown}
 v - a potion of invisibility {unknown}
Books
 y - a book of Frost

   Spells                             Type                      Level
   a - Freeze                         Ice                          1
   b - Throw Frost                    Conjuration/Ice              2
   c - Ozocubu's Armour               Charms/Ice                   3
   d - Throw Icicle                   Conjuration/Ice              4
   e - Summon Ice Beast               Ice/Summoning                4
   Trog disapproves of the use of such an item.
Comestibles
 c - 12 rations


   Skills:
 + Level 8.7 Fighting
 + Level 10.9 Axes
 + Level 6.9 Armour
 + Level 5.5 Dodging
 + Level 2.9 Stealth


You had 10 spell levels left.
You didn't know any spells.

Dungeon Overview and Level Annotations

Branches:
Dungeon (9/15)             Temple (1/1) D:7             Orc (0/2) D:9
   Lair: D:8-11

Altars:
Ashenzari
Cheibriados
Dithmenos
Elyvilon
Fedhas
Gozag
Hepliaklqana
Kikubaaqudgha
Makhleb
Okawaru
Qazlal
Ru
Sif Muna
Trog
Uskayaw
Vehumet
Wu Jian
Xom
Yredelemnul
Zin
The Shining One

Annotations:
D:5 exclusion: statue


Innate Abilities, Weirdness & Mutations

You are resistant to torment.
Your stone body is resilient. (AC +8)
You are immune to poison.
You resist negative energy. (rN+)
You are resistant to electric shocks. (rElec)
You can survive without breathing.
You are immune to petrification.
You are immune to rotting.


Message History

The slime creature quivers.
There are monsters nearby!
You recover from your berserk rage.
There are monsters nearby!
The slime creature completely misses you.
The slime creature hits you!
* * * LOW HITPOINT WARNING * * *
You slash the slime creature!
The slime creature is heavily wounded.
The slime creature hits you!
* * * LOW HITPOINT WARNING * * *
You slash the slime creature!
The slime creature is severely wounded.
The slime creature closely misses you.
You hit the slime creature.
The slime creature is severely wounded.
You barely miss the slime creature.
The slime creature is severely wounded.
The slime creature hits you.
You die...

........>...##
#.###..#..#).# #
...###...###
..##........#
#.#....#..#...##
. .#..#.##.....#
# # ##..###J##
###..#J## #.@.#
#......###
#####..# #.## #.
#. ##


You could see 2 slime creatures.

Vanquished Creatures
  Joseph (D:8)
  The ghost of glot the Skirmisher, an amateur GnWn (D:4)
  A hornet (D:8)
  A slime creature (D:9)
  A hippogriff (D:7)
  Sigmund (D:6)
  5 yaks
  A human (D:8)
  3 hogs (D:8)
  The ghost of Weresquid the Ducker, an amateur DsGl (D:3)
  Menkaure (D:4)
  A warg (D:9)
  A water moccasin (D:7)
  2 orc warriors
  A sky beast (D:8)
  An eye of draining (D:6)
  An ice beast (D:8)
  3 phantoms
  5 ogres
  3 centaurs
  4 bullfrogs
  A wyvern skeleton (D:7)
  5 scorpions
  8 wights (D:8)
  4 howler monkeys
  2 jellies (D:6)
  7 crimson imps
  Crazy Yiuf (D:7)
  A quasit (D:6)
  An orc priest (D:9)
  3 bullfrog skeletons
  4 hounds
  6 orc wizards
  A centaur skeleton (D:6)
  2 iguanas
  6 worker ants
  A howler monkey zombie (D:4)
  A worker ant zombie (D:6)
  11 adders
  2 shadow imps
  An ooze (D:7)
  2 worms
  A dart slug (D:5)
  4 leopard geckos
  25 orcs
  2 ball pythons
  6 bats
  9 giant cockroaches
  12 hobgoblins
  12 jackals
  4 quokkas
  4 frilled lizards
  9 goblins
  4 kobolds
  4 rats
205 creatures vanquished.

Vanquished Creatures (collateral kills)
  A water moccasin (D:7)
  A crimson imp (D:7)
2 creatures vanquished.

Grand Total: 207 creatures vanquished

Notes
Turn   | Place    | Note
-------+----------+-------------------------------------------
     0 | D:1      | Fang the Gargoyle Berserker began the quest for the Orb.
     0 | D:1      | Reached XP level 1. HP: 14/14 MP: 1/1
   145 | D:1      | Reached XP level 2. HP: 14/19 MP: 2/2
   173 | D:1      | Reached skill level 3 in Axes
   901 | D:2      | Found a bloodstained altar of Trog.
  1013 | D:2      | Reached XP level 3. HP: 17/24 MP: 3/3
  1347 | D:2      | Found a glowing golden altar of the Shining One.
  1420 | D:2      | Reached ** piety under Trog
  1558 | D:2      | Reached XP level 4. HP: 29/29 MP: 4/4
  2158 | D:3      | Reached skill level 4 in Axes
  2268 | D:3      | Reached XP level 5. HP: 31/33 MP: 5/5
  2282 | D:3      | Noticed Weresquid's ghost (amateur DsGl)
  2308 | D:3      | Killed Weresquid's ghost
  2308 | D:3      | Reached XP level 6. HP: 22/38 MP: 6/6
  2801 | D:4      | Noticed glot's ghost (amateur GnWn)
  2814 | D:4      | Killed glot's ghost
  2814 | D:4      | Reached skill level 5 in Axes
  2814 | D:4      | Reached XP level 7. HP: 44/44 MP: 7/7
  2991 | D:4      | Reached skill level 5 in Fighting
  2991 | D:4      | Reached skill level 1 in Stealth
  3123 | D:4      | Noticed Menkaure
  3133 | D:4      | Killed Menkaure
  3133 | D:4      | Reached *** piety under Trog
  3289 | D:5      | Entered Level 5 of the Dungeon
  3337 | D:5      | Found a hazy altar of Hepliaklqana.
  3400 | D:5      | Found a radiant altar of Vehumet.
  3435 | D:5      | Found a snail-covered altar of Cheibriados.
  3469 | D:5      | Reached skill level 6 in Axes
  3469 | D:5      | Reached XP level 8. HP: 49/49 MP: 8/8
  3883 | D:5      | Found an ornate altar of the Wu Jian Council.
  4050 | D:5      | Found a shimmering altar of Xom.
  4053 | D:5      | Found a deep blue altar of Sif Muna.
  4401 | D:6      | Noticed Sigmund
  4435 | D:6      | Reached skill level 5 in Armour
  4468 | D:6      | Killed Sigmund
  4482 | D:6      | Reached skill level 7 in Axes
  4602 | D:6      | Found a blossoming altar of Fedhas.
  4825 | D:6      | Reached XP level 9. HP: 55/55 MP: 9/9
  4845 | D:6      | Reached **** piety under Trog
  5188 | D:6      | Reached skill level 8 in Axes
  5769 | D:7      | Found an iron altar of Okawaru.
  5809 | D:7      | Found a snail-covered altar of Cheibriados.
  5841 | D:7      | Found a staircase to the Ecumenical Temple.
  5862 | Temple   | Entered the Ecumenical Temple
  6009 | D:7      | Reached skill level 9 in Axes
  6234 | D:7      | Found a runed door.
  6343 | D:7      | Reached ***** piety under Trog
  6357 | D:7      | Found a sacrificial altar of Ru.
  6486 | D:7      | Noticed Crazy Yiuf
  6492 | D:7      | Killed Crazy Yiuf
  6492 | D:7      | Reached XP level 10. HP: 63/63 MP: 10/10
  6703 | D:8      | Found a shimmering altar of Xom.
  6818 | D:8      | Received a gift from Trog
  6864 | D:8      | Noticed Joseph
  6889 | D:8      | Killed Joseph
  6999 | D:8      | Reached skill level 5 in Dodging
  7036 | D:8      | Reached skill level 10 in Axes
  7150 | D:8      | Found a shattered altar of Ashenzari.
  7162 | D:8      | Got a transparent leather armour
  7168 | D:8      | Identified the +0 leather armour "Sitopnac" {rN+ Int+4} (You found it on level 8 of the Dungeon)
  7169 | D:8      | Identified a scroll of acquirement
  7652 | D:9      | Found a staircase to the Orcish Mines.
  7671 | D:9      | Reached XP level 11. HP: 55/69 MP: 11/11
  7733 | D:9      | HP: 1/69 [slime creature (14)]
  7736 | D:9      | Slain by a slime creature

Skill      XL: |  1  2  3  4  5  6  7  8  9 10 |
---------------+-------------------------------+-----
Axes           | 3 4 5 6 7 9 10 | 10.9
Fighting       | 4 5 6 7 8 |  8.7
Dodging        | 2 3 4 5 |  5.5
Armour         | 3 4 6 |  6.9
Stealth        | 1 2 |  2.9

Action                   |  1- 3 |  4- 6 |  7- 9 | 10-12 || total
-------------------------+-------+-------+-------+-------++-------
Melee: Hand axe          |   126 |   130 |   288 |   191 ||   735
Invok: Berserk           |       |     3 |     6 |     3 ||    12
       Burn Spellbooks   |       |       |     2 |       ||     2
  Use: Scroll            |       |     9 |     9 |     2 ||    20
       Potion            |       |       |       |     2 ||     2
 Stab: Sleeping          |       |       |       |     1 ||     1
  Eat: Chunk             |     2 |     6 |    17 |     4 ||    29
       Ration            |       |       |       |     1 ||     1
Armor: Animal skin       |    21 |       |       |       ||    21
       Ring mail         |    42 |    84 |    76 |       ||   202
       Skin              |       |       |    42 |    30 ||    72
       Leather armour    |       |       |       |    41 ||    41
Dodge: Dodged            |    91 |   110 |   179 |    96 ||   476
